 Dungeon Crawl Stone Soup version 0.17-a0-1635-gd4e48f1 (webtiles) character file.

385 urechis the Chiller (level 6, -1/61 HPs)
             Began as a Merfolk Ice Elementalist on Aug 4, 2015.
             Was a Believer of Yredelemnul.
             Slain by Pikel
             ... wielding a +0 whip of freezing
              (2 damage)
             ... on level 4 of the Dungeon.
             The game lasted 00:11:33 (5727 turns).

urechis the Chiller (Merfolk Ice Elementalist)      Turns: 5727, Time: 00:11:33

Health: -1/61      AC: 23    Str: 10    XL:     6   Next: 77%
Magic:  1/12       EV:  2    Int: 15    God:    Yredelemnul [**....]
Gold:   285        SH:  0    Dex: 14    Spells: 3 memorised, 5 levels left

rFire  . . .     SeeInvis .     k - +0 dagger (venom)
rCold  . . .     Clarity  +     (armour currently unavailable)
rNeg   + + +     SustAt   .     (no shield)
rPois  +         Gourm    .     (helmet currently unavailable)
rElec  .         Spirit   .     (cloak currently unavailable)
rCorr  .         Warding  .     (gloves currently unavailable)
rMut   .         NoTele   +     (boots currently unavailable)
MR     .....                    (no amulet)
Stlth  +++.......               (no ring)
                                (no ring)

@: tree-form, not resistant to hostile enchantments, fairly stealthy
A: (change form in water), (swift swim), clarity
a: Animate Remains, Recall Undead Slaves, Injury Mirror, Renounce Religion


You were on level 4 of the Dungeon.
You worshipped Yredelemnul.
Yredelemnul was pleased with you.
You were not hungry.
You were a tree.
You visited 1 branch of the dungeon, and saw 4 of its levels.

You collected 285 gold pieces.

Inventory:

Hand weapons
 k - a +0 dagger of venom (weapon)
 v - a +0 spear
Armour
 a - a +0 robe (melded)
Magical devices
 r - a wand of disintegration (6)
Scrolls
 d - 3 scrolls of identify {unknown}
 g - a scroll of fog {unknown}
 i - 3 scrolls of remove curse {unknown}
 m - a scroll of enchant armour {unknown}
 o - a scroll of amnesia {unknown}
 p - a scroll of noise {unknown}
 q - 3 scrolls of teleportation {unknown}
Potions
 j - a potion of degeneration {unknown}
 n - a potion of resistance {unknown}
 t - a potion of cancellation {unknown}
 u - a potion of heal wounds {unknown}
Books
 b - a book of Frost

   Spells                             Type                      Level
   a - Freeze                         Ice                          1
   b - Throw Frost                    Conjuration/Ice              2
   c - Ozocubu's Armour               Charms/Ice                   3
   d - Throw Icicle                   Conjuration/Ice              4
   e - Summon Ice Beast               Ice/Summoning                4
   f - Condensation Shield            Ice                          4
Comestibles
 c - 2 bread rations
 h - 2 meat rations
 l - a slice of pizza
 s - 3 fruits
 w - a royal jelly
 x - a chunk of flesh


   Skills:
 - Level 2.6 Dodging
 - Level 2.1 Stealth
 + Level 4.2 Spellcasting
   Level 0.7 Conjurations
 * Level 6.6 Ice Magic


You had 5 spell levels left.
You knew the following spells:

 Your Spells              Type           Power        Failure   Level  Hunger
a - Freeze                Ice            ###.         1%          1    None
b - Ozocubu's Armour      Chrm/Ice       ##......     17%         3    ###....
c - Condensation Shield   Ice            ###.......   14%         4    ####...


Dungeon Overview and Level Annotations

Branches:
Dungeon (4/15)             Temple (0/1) D:4

Altars:
Kikubaaqudgha
Yredelemnul

Shops:
D:4 %

Annotations:
D:4 Pikel


Innate Abilities, Weirdness & Mutations

((You revert to your normal form in water.))
((You are very nimble and swift while swimming.))
You possess an exceptional clarity of mind.


Message History

It was a potion of beneficial mutation.
Your thoughts seem clearer.
You feel fantastic! Pikel misses you.
Pikel says, "You'll feel the lick of my whip!"
Pikel hits you with a whip of freezing.
* * * LOW HITPOINT WARNING * * *
Pikel freezes you.
* * * LOW HITPOINT WARNING * * *
Drink which item? (? for menu, Esc to quit)
It was a potion of lignification.
You turn into a tree.
Your +0 robe melds into your body.
Your roots penetrate the ground.
Pikel hits you but does no damage.
You hit Pikel but do no damage.
Pikel is poisoned.
Pikel is lightly wounded.
Pikel hits you but does no damage.
You barely miss Pikel.
Pikel is lightly wounded.
Pikel hits you but does no damage. Pikel hits you with a whip of freezing.
You die...
Your body rises from the dead as a mindless zombie.

.P...........≈≈≈≈#
..........p≈≈≈≈4# ..#.
......P.....≈≈≈≈# ..........##
.............≈§## ............##
........P..########.............
########...[...................
#...##................8#
##...#.................#
#......K♣.............#
#...................#∩#
##....................# .
##.....##..........#..#
....##...######........##.8#
........## ##......###..#
.........# ##....## ##.#
#........# #....# #.##
#........# ##...# ##.#


You could see Pikel.

Vanquished Creatures
  2 slaves (D:4)
  2 big kobolds (D:3)
  6 adders
  5 gnolls (D:3)
  An ooze (D:1)
  3 worms (D:3)
  2 giant geckos
  4 orcs (D:3)
  7 bats
  7 giant cockroaches
  32 goblins
  20 hobgoblins
  13 kobolds
  A quokka (D:2)
  A ball python (D:3)
  7 giant newts
  9 jackals
  10 rats
132 creatures vanquished.

Notes
Turn   | Place    | Note
--------------------------------------------------------------
     0 | D:1      | urechis the Merfolk Ice Elementalist began the quest for the Orb.
     0 | D:1      | Reached XP level 1. HP: 13/13 MP: 3/3
   114 | D:1      | Reached XP level 2. HP: 14/19 MP: 5/5
   757 | D:1      | Reached skill level 4 in Ice Magic
   819 | D:1      | Reached XP level 3. HP: 18/24 MP: 6/6
  1037 | D:2      | HP: 1/24 [poisoned by a goblin]
  1522 | D:2      | Reached XP level 4. HP: 13/30 MP: 8/8
  1874 | D:2      | Found a faded altar to an unknown god.
  1970 | D:3      | Found an ancient bone altar of Kikubaaqudgha.
  2049 | D:3      | Found a basalt altar of Yredelemnul.
  2064 | D:3      | Became a worshipper of Yredelemnul the Dark
  2123 | D:3      | HP: 1/30 [goblin (4)]
  2758 | D:3      | Reached skill level 5 in Ice Magic
  3082 | D:3      | Reached XP level 5. HP: 28/35 MP: 6/10
  3500 | D:3      | Acquired Yredelemnul's first power
  4606 | D:3      | Learned a level 3 spell: Ozocubu's Armour
  4611 | D:3      | Learned a level 4 spell: Condensation Shield
  5076 | D:3      | Acquired Yredelemnul's second power
  5077 | D:3      | Noticed a big kobold
  5085 | D:3      | Noticed a big kobold
  5089 | D:3      | Killed a big kobold
  5089 | D:3      | Reached skill level 6 in Ice Magic
  5089 | D:3      | Reached XP level 6. HP: 17/41 MP: 3/12
  5127 | D:3      | Killed a big kobold
  5628 | D:4      | Found Xeqaeh's Food Shop.
  5662 | D:4      | Noticed a rust devil
  5678 | D:4      | Found a staircase to the Ecumenical Temple.
  5683 | D:4      | Noticed Pikel
  5724 | D:4      | Gained mutation: You possess an exceptional clarity of mind. [potion of beneficial mutation]
  5724 | D:4      | HP: 2/41 [Pikel/whip of freezing (2)]
  5727 | D:4      | Slain by Pikel

Vault maps used:
D:1:      lightli_arrival_flooded_house
D:2:      ecumenical_altar_2, minmay_vboxes
D:3:      minmay_goblin_kobold_castle, lemuel_crystal_altar,
          lemuel_crystal_altar
D:4:      makhleb_altar_promises_db, temple_garden, serial_shops, shop_statue,
          uniq_pikel

Action                   |  1- 3 |  4- 6 || total
-------------------------+-------+-------++-------
Melee: Mace              |    18 |       ||    18
       Short sword       |    65 |       ||    65
       Dagger            |    25 |   156 ||   181
 Cast: Freeze            |     7 |   114 ||   121
  Use: Potion            |       |     2 ||     2
 Stab: Sleeping          |     6 |     5 ||    11
       Distracted        |       |     1 ||     1
  Eat: Chunk             |     2 |    13 ||    15
